 Dungeon Crawl Stone Soup version 0.27.1-1-g398f81649c (webtiles) character file.

Game seed: 6380056995964329031

0 Descartes the Sneak (level 1, -2/10 HPs)
             Began as a Felid Delver on Sept 6, 2021.
             Slain by a gnoll (9 damage)
             ... on level 5 of the Dungeon.
             The game lasted 00:00:43 (77 turns).

Descartes the Sneak (Felid Delver)                    Turns: 77, Time: 00:00:43

Health: -2/10      AC:  1    Str:  8    XL:     1   Next: 0%
Magic:  2/2        EV: 17    Int: 11    God:
Gold:   16         SH:  0    Dex: 17    Spells: 0/0 levels left
                                        Lives:  0   Deaths: 0

rFire    . . .     SeeInvis +     - Unarmed
rCold    . . .     Faith    .   (shield unavailable)
rNeg     . . .     Spirit   .   (armour unavailable)
rPois    .         Reflect  .   (helmet unavailable)
rElec    .         Harm     .   (cloak unavailable)
rCorr    .         Rampage  .   (gloves unavailable)
Will     .....                  (boots unavailable)
Stlth    +++.......             (no amulet)
HPRegen  0.03/turn              (no ring)
MPRegen  0.08/turn              (no ring)

@: quick
A: very small, claws 1, fangs 3, see invisible, speed 1, shaggy fur 1, stealthy
paws, no weapons or thrown items, no armour, multi-lived
a: no special abilities


You were on level 5 of the Dungeon.
You visited 1 branch of the dungeon, and saw 1 of its levels.

You collected 16 gold pieces.

Inventory:

Wands
 e - a wand of digging (3)
Scrolls
 a - a scroll of fog
 b - a scroll of magic mapping
 c - a scroll of fear
Potions
 d - a potion of haste


   Skills:
 - Level 3.0 Fighting
 + Level 2.6 Dodging
 + Level 6.6 Stealth
 - Level 2.0 Unarmed Combat


You couldn't memorise any spells.
You didn't know any spells.
Your spell library was empty.

Dungeon Overview and Level Annotations

Branches:
Dungeon (5/15)
 Temple: D:4-7

Altars:


Innate Abilities, Weirdness & Mutations

You have sharp claws.
You have razor-sharp teeth.
You have supernaturally acute eyesight. (SInv)
You cover ground quickly. (Speed+)
You are covered in fur. (AC +1)
Your paws help you pounce on unaware monsters.
You are incapable of wielding weapons or throwing items.
You cannot wear armour.
You gain extra lives every three experience levels.


Message History

Welcome, Descartes the Felid Delver.
Will you prevail where others failed? Will you find the Orb of Zot?
Press ? for a list of commands and other information.
Found 16 gold pieces.
Found a stone staircase leading down.
You now have 9 gold pieces.
You now have 16 gold pieces (gained 7).
A gnoll comes into view.
It is wielding a +0 flail of holy wrath.
A scorpion comes into view.
Found a stone staircase leading up.
A gnoll comes into view. It is wielding a +0 spear.
You hear a shout!
A gnoll comes into view. It is wielding a +0 club.
The gnoll shouts!
The gnoll moves out of view.
A gnoll comes into view. It is wielding a +0 halberd.
Something unseen opens the door.
You scratch the plant.
The plant begins to die.
You bite the plant, but do no damage.
The plant is lightly damaged.
A centaur comes into view.
A nearby plant withers and dies.
The gnoll hits you from afar with a +0 spear.
You enter the shallow water.
Moving in this stuff is going to be slow.
The gnoll closely misses you. The gnoll closely misses you.
The gnoll hits you from afar with a +0 spear!
Ouch! That really hurt!
You die...

...###.#.####.#
............#g#
#.##...####.#.#
..##...####.#.#
............#.#
....#########.###
....# ..........#
....#
#######.#.###♣♣♣♣
♣♣ ....#
#...@.♣≈≈≈♣♣≈P♣
....#
###..♣≈≈≈≈PP≈≈≈
#..##
#.g..P≈.P≈≈≈≈


PP.. #............ ≈P≈g #............ s≈≈≈≈ ♣≈♣≈≈.≈..≈.≈.. ♣≈≈≈≈≈P≈P≈≈c.≈≈
♣≈≈≈≈≈P≈≈≈≈≈P≈PP #.♣≈≈≈P≈≈≈≈≈≈≈≈≈≈ You could see a centaur and a gnoll.

Vanquished Creatures (others)
  3 plants (D:5)
3 creatures vanquished.

Notes
Turn   | Place    | Note
-------+----------+-------------------------------------------
     0 | D:5      | Descartes the Felid Delver began the quest for the Orb.
     0 | D:5      | Reached XP level 1. HP: 10/10 MP: 2/2
    14 | D:5      | Noticed a scorpion
    70 | D:5      | Noticed a centaur
    77 | D:5      | Slain by a gnoll

Illustrated notes

Levels and vault maps discovered:
D:5:      layout_basic, serial_bayou, serial_bayou_pond_b, serial_bayou_pond_c,
          serial_bayou_pond_a, serial_bayou_ford_a, kennysheep_generic_room_14

Action                   || total
-------------------------++-------
Melee: Unarmed           ||     1
       Bite              ||     1
Dodge: Dodged            ||     2
